 Dungeon Crawl Stone Soup version 0.27-a0-661-gca034ae587 (webtiles) character file.

Game seed: 6354208639321589641

133 Jerej03 the Skirmisher (level 4, -6/41 HPs)
             Began as a Palentonga Fighter on Mar 17, 2021.
             Mangled by a hobgoblin
             ... wielding a +0 club
             ... led by Robin
              (9 damage)
             ... on level 4 of the Dungeon.
             The game lasted 00:11:58 (2628 turns).

Jerej03 the Skirmisher (Palentonga Fighter)         Turns: 2628, Time: 00:11:58

Health: -6/41      AC:  9    Str: 26    XL:     4   Next: 94%
Magic:  4/4        EV:  3    Int: 15    God:
Gold:   48         SH:  9    Dex: 11    Spells: 3/3 levels left

rFire    . . .     SeeInvis +   m - +1 long sword (vorpal)
rCold    . . .     Faith    .   c - +0 kite shield
rNeg     . . .     Spirit   .   n - +0 plate armour
rPois    .         Reflect  .   (no helmet)
rElec    .         Harm     .   (no cloak)
rCorr    .         Rampage  .   (no gloves)
Will     .....                  (no barding)
Stlth    ..........             (no amulet)
HPRegen  0.13/turn              l - +6 ring of intelligence
MPRegen  0.09/turn              p - +6 ring of strength

@: flying
A: large, rugged brown scales 3, see invisible, deformed body, roll 1, armoured
tail, agile 1, screaming 1
a: Rolling Charge


You were on level 4 of the Dungeon.
You visited 1 branch of the dungeon, and saw 4 of its levels.

You collected 144 gold pieces.
You spent 96 gold pieces at shops.

Inventory:

Hand Weapons
 a - a +0 war axe
 m - a +1 vorpal long sword (weapon)
Armour
 b - a +0 scale mail
 c - a +0 kite shield (worn)
 n - a +0 plate armour (worn)
Jewellery
 l - a +6 ring of intelligence (right hand)
 p - a +6 ring of strength (left hand)
Wands
 s - a wand of random effects (11)
Scrolls
 e - a scroll of enchant armour {unknown}
 g - 7 scrolls of identify {unknown}
 h - 2 scrolls of blinking {unknown}
 k - a scroll of enchant weapon {unknown}
 o - 2 scrolls of amnesia {unknown}
 r - a scroll of teleportation {unknown}
Potions
 d - a potion of might
 f - a potion of curing
 j - a potion of brilliance {unknown}
 q - a potion of flight


   Skills:
 + Level 3.6 Fighting
 + Level 0.4 Long Blades
 + Level 2.8 Axes
 + Level 3.2 Armour
 + Level 0.6 Dodging
 + Level 3.1 Shields


You had 3 spell levels left.
You didn't know any spells.
Your spell library was empty.

Dungeon Overview and Level Annotations

Branches:
Dungeon (4/15)
 Temple: D:4-7

Altars:
Kikubaaqudgha
Wu Jian
Xom
The Shining One

Shops:
D:4 !

Annotations:
D:4 Menkaure, Robin


Innate Abilities, Weirdness & Mutations

You are completely covered in rugged brown scales. (AC +3, +7% HP)
You have supernaturally acute eyesight. (SInv)
Armour fits poorly on your strangely shaped body.
You can roll at nearby foes to attack.
You have a long armoured tail.
You are agile. (Dex +2)
You occasionally shout uncontrollably at your foes.


Message History

Robin roars a battlecry!
The hobgoblin goes into a battle-frenzy!
You block the goblin's attack. The goblin hits you but does no damage.
The hound bites you. x2; The hobgoblin hits you.
You block the hobgoblin's attack. The goblin hits you but does no damage.
A goblin comes into view.
You block the goblin's attack. The hound barely misses you.
Menkaure mumbles some strange words.
Menkaure seems to speed up.
You barely miss the goblin.
The goblin is heavily wounded.
The goblin no longer looks unusually strong.
You block the hound's attack. The hound bites you.
You block the hobgoblin's attack. The hound bites you.
The hobgoblin hits you but does no damage.
The goblin hits you but does no damage.
Robin roars a battlecry!
The goblin goes into a battle-frenzy!
The goblin hits you. The hound bites you but does no damage.
You block the hound's attack.
The hobgoblin hits you but does no damage.
The hobgoblin hits you with a +0 club!
* * * LOW HITPOINT WARNING * * *
You barely miss the goblin.
The goblin is heavily wounded.
The hobgoblin no longer looks unusually strong.
You block the hound's attack.
The quokka skeleton bites you but does no damage.
The hound bites you.
* * * LOW HITPOINT WARNING * * *
You block the goblin's attack.
Robin says, "Duck!"
Robin roars a battlecry!
The hobgoblin goes into a battle-frenzy!
The hobgoblin hits you.
* * * LOW HITPOINT WARNING * * *
The goblin hits you but does no damage. The hound bites you but does no damage.
The hobgoblin hits you but does no damage.
The hobgoblin hits you with a +0 club!
You die...

#.....................#
#.....................+ ...
..................#
........ ................#
........ #...............#
........
........._......#+#........
..#................#.M....
........ggh.g.....#.....
####....g@hg..g†....# #+##
#....Zgg..#......+ ....
+.....M...##(....# ....
#.........##.....##....
#..[......###....).)...
#........## #.....)....
..........# #..........
#####.....(.............
.........#....


You could see Menkaure (fast), 2 hounds, Robin, 3 hobgoblins, 4 goblins and a
quokka skeleton.

Vanquished Creatures
  3 adders
  2 oozes
  4 dart slugs
  5 worms
  3 leopard geckos
  An orc (D:3)
  A ball python (D:3)
  3 giant cockroaches
  7 goblins
  4 hobgoblins
  11 jackals
  8 kobolds
  2 quokkas
  5 bats (D:1)
  3 frilled lizards (D:1)
  8 rats
70 creatures vanquished.

Notes
Turn   | Place    | Note
-------+----------+-------------------------------------------
     0 | D:1      | Jerej03 the Palentonga Fighter began the quest for the Orb.
     0 | D:1      | Reached XP level 1. HP: 20/20 MP: 1/1
   163 | D:1      | Reached XP level 2. HP: 17/27 MP: 2/2
   529 | D:1      | Reached XP level 3. HP: 33/33 MP: 3/3
   855 | D:2      | Found a glowing golden altar of the Shining One.
  1125 | D:2      | Reached XP level 4. HP: 40/40 MP: 4/4
  1229 | D:2      | Found an ancient bone altar of Kikubaaqudgha.
  1499 | D:2      | Found an ornate altar of the Wu Jian Council.
  2538 | D:4      | Found Vockoo's Distillery.
  2543 | D:4      | Bought a potion of mutation for 96 gold pieces
  2543 | D:4      | Gained mutation: You occasionally shout uncontrollably at
                  | your foes. [potion of mutation]
  2543 | D:4      | Gained mutation: You are agile. (Dex +2) [potion of
                  | mutation]
  2572 | D:4      | Found a shimmering altar of Xom.
  2600 | D:4      | Noticed Robin
  2612 | D:4      | Noticed Menkaure
  2628 | D:4      | Mangled by a hobgoblin

Illustrated notes

Levels and vault maps discovered:
D:1:      nicolae_arrival_washed_ashore, layout_rooms
D:2:      layout_rooms, nicolae_wu_jian_immortal_techniques,
          lemuel_doored_altar, lemuel_round_altar, kennysheep_doodads
D:3:      layout_rooms, kennysheep_generic_room_3
D:4:      layout_basic, lemuel_round_altar, kennysheep_mini_moat,
          xom_butterflies, minmay_temple_entry_grid, serial_shops, shop,
          corexii_checkpoint_a, uniq_duvessa, uniq_robin, uniq_menkaure

Skill      XL: |  1  2  3  4 |
---------------+-------------+-----
Armour         | 3 |  3.2
Shields        | 3 |  3.1
Fighting       | |  3.6
Long Blades    | |  0.4
Axes           | |  2.8
Dodging        | |  0.6

Action                   |  1- 3 |  4- 6 || total
-------------------------+-------+-------++-------
Melee: War axe           |   100 |     5 ||   105
       Tailslap          |     9 |    11 ||    20
       Long sword        |       |    87 ||    87
 Abil: Rolling Charge    |     7 |     1 ||     8
  Use: Potion            |       |     4 ||     4
Armor: Scale mail        |    68 |     1 ||    69
       Plate armour      |       |    99 ||    99
Dodge: Dodged            |    29 |    16 ||    45
Block: Kite shield       |    53 |    86 ||   139
       Rpst.: Long sword |       |     4 ||     4

Table legend: (Time is in decaauts)
 A = Elapsed time spent in this place.
 B = Non-inter-level travel time spent in this place.
 C = Inter-level travel time spent in this place.
 D = Time resting spent in this place.
 E = Time spent auto-exploring this place.
 F = Levels seen in this place.
 G = Mean time per level.
                   A        B        C        D        E       F      G
               +--------+--------+--------+--------+--------+-----+--------+
         Total |   2740 |   2654 |     86 |      0 |   1949 |   4 |  685.0 |
       Dungeon |   2740 |   2654 |     86 |      0 |   1949 |   4 |  685.0 |
               +--------+--------+--------+--------+--------+-----+--------+

Top non-repeatable levels by time:
     D:2: 890 daAuts
     D:1: 879 daAuts
     D:3: 872 daAuts
     D:4: 97 daAuts
